2717 views
Uploaded 2020-02-29 02:45:53
Game version 1.32.2
29:23 long 1on1 ladder game on (2)Amazonia
Saved by BEARAND
2717 views
Uploaded 2020-02-29 02:45:53
Game version 1.32.2
29:23 long 1on1 ladder game on (2)Amazonia

46 units @ 7.1k
/ 0.9k
17 buildings @ 3k
/ 1.1k


| Healing Salve | 6 | 600 |
| Scroll of Speed | 1 | 50 |
| Potion of Mana | 1 | 200 |
| Scroll of Healing | 1 | 250 |
| total: | 9 | 1100g |
| Peon | 16 | 1200 | / | 0 |
| Grunt | 4 | 800 | / | 0 |
| Kodo Beast | 1 | 255 | / | 60 |
| Troll Headhunter | 7 | 980 | / | 140 |
| Wind Rider | 7 | 1855 | / | 280 |
| Troll Witch Doctor | 2 | 290 | / | 50 |
| Shaman | 3 | 390 | / | 60 |
| Tauren | 2 | 560 | / | 160 |
| Spirit Walker | 1 | 195 | / | 35 |
| Demolisher | 2 | 440 | / | 100 |
| Troll Batrider | 1 | 160 | / | 40 |
| total: | 46 | 7125g | / | 925w |
| Altar of Storms | 1 | 180 | / | 50 |
| Orc Burrow | 9 | 1440 | / | 360 |
| Barracks | 1 | 180 | / | 50 |
| Voodoo Lounge | 1 | 130 | / | 30 |
| War Mill | 1 | 205 | / | 0 |
| Great Hall | 1 | 385 | / | 185 |
| Beastiary | 1 | 145 | / | 140 |
| Spirit Lodge | 1 | 150 | / | 150 |
| Tauren Totem | 1 | 135 | / | 155 |
| Stronghold | 1 | 315 | / | 190 |
| Fortress | 1 | 325 | / | 190 |
| total: | 17 | 2950g | / | 1120w |
| 0:02 | Altar of Storms |
| 0:04 | Peon |
| 0:05 | Peon |
| 0:23 | Orc Burrow |
| 0:38 | Barracks |
| 0:45 | Peon |
| 0:47 | Peon |
| 1:08 | Peon |
| 1:10 | Peon |
| 1:25 | Voodoo Lounge |
| 1:46 | Grunt |
| 2:02 | Orc Burrow |
| 2:16 | Feral Spirit |
| 2:32 | Peon |
| 3:02 | Stronghold |
| 3:04 | Grunt |
| 3:16 | Healing Salve |
| 3:17 | Scroll of Speed |
| 3:35 | Grunt |
| 4:04 | Chain Lighting |
| 4:42 | Grunt |
| 4:45 | Orc Burrow |
| 4:48 | War Mill |
| 5:50 | Beastiary |
| 6:57 | Kodo Beast |
| 7:00 | Orc Burrow |
| 7:03 | Orc Burrow |
| 7:04 | Troll Headhunter |
| 7:09 | War Stomp |
| 7:36 | Spirit Lodge |
| 7:41 | Steel Ranged Weapons |
| 7:55 | Troll Headhunter |
| 8:22 | Endurance Aura |
| 8:34 | Troll Headhunter |
| 8:35 | Wind Rider |
| 8:44 | Potion of Mana |
| 8:46 | Healing Salve |
| 9:03 | Troll Witch Doctor |
| 9:14 | Troll Headhunter |
| 9:44 | Scroll of Healing |
| 10:06 | Feral Spirit |
| 10:16 | Wind Rider |
| 11:10 | War Stomp |
| 11:22 | Shaman |
| 11:22 | Shaman |
| 11:42 | Orc Burrow |
| 12:27 | Chain Lighting |
| 12:38 | Great Hall |
| 12:59 | Fortress |
| 13:06 | Troll Headhunter |
| 13:10 | Shaman Adept Training |
| 13:20 | Healing Salve |
| 13:38 | Healing Salve |
| 14:57 | Endurance Aura |
| 15:09 | Troll Headhunter |
| 15:10 | Troll Headhunter |
| 15:11 | Wind Rider |
| 15:17 | Orc Burrow |
| 15:19 | Steel Armor |
| 15:36 | Healing Salve |
| 15:58 | Healing Salve |
| 16:09 | Shaman Master Training |
| 16:12 | Peon |
| 16:12 | Peon |
| 16:13 | Peon |
| 16:47 | Peon |
| 16:47 | Peon |
| 17:20 | Wind Rider |
| 17:21 | Wind Rider |
| 17:24 | Berserker Upgrade |
| 18:32 | Tauren Totem |
| 18:40 | Envenomed Spears |
| 18:43 | Witch Doctor Adept Training |
| 18:45 | Thorium Armor |
| 19:48 | Witch Doctor Master Training |
| 19:50 | Tauren |
| 19:51 | Tauren |
| 19:53 | Wind Rider |
| 20:32 | Wind Rider |
| 21:04 | Troll Witch Doctor |
| 21:24 | Orc Burrow |
| 21:25 | Orc Burrow |
| 22:24 | Spirit Walker |
| 22:26 | Shaman |
| 23:28 | Demolisher |
| 24:38 | Troll Batrider |
| 24:47 | Demolisher |
| 25:14 | Liquid Fire |
| 26:30 | Peon |
| 26:30 | Peon |
| 26:30 | Peon |
| 26:30 | Peon |
| Right click | 813 |
| Select group | 655 |
| Select | 285 |
| Build/train/purchase | 100 |
| Assign group | 43 |
| Use ability | 33 |
| Chat | 4 |
| Item give/drop | 1 |
22 units @ 2.6k
/ 0.3k
128 buildings @ 5.6k
/ 3.2k



| Scroll of Regeneration | 3 | 300 |
| Potion of Healing | 1 | 150 |
| Staff of Sanctuary | 3 | 750 |
| Orb of Fire | 2 | 650 |
| Scroll of Town Portal | 1 | 350 |
| Staff of Teleportation | 3 | 450 |
| Boots of Speed | 2 | 500 |
| Potion of Lesser Invulnerability | 1 | 150 |
| total: | 16 | 3300g |
| Peasant | 14 | 1050 | / | 0 |
| Priest | 1 | 135 | / | 10 |
| Sorceress | 1 | 155 | / | 20 |
| Flying Machine | 1 | 100 | / | 30 |
| Dragonhawk Rider | 4 | 800 | / | 120 |
| Goblin Shredder | 1 | 375 | / | 100 |
| total: | 22 | 2615g | / | 280w |
| Scout Tower | 112 | 3360 | / | 2240 |
| Arcane Tower | 8 | 560 | / | 400 |
| Guard Tower | 63 | 4410 | / | 3150 |
| Altar of Kings | 1 | 180 | / | 50 |
| Farm | 5 | 400 | / | 100 |
| Arcane Vault | 3 | 390 | / | 90 |
| Lumber Mill | 1 | 120 | / | 0 |
| Town Hall | 1 | 385 | / | 205 |
| Blacksmith | 1 | 140 | / | 60 |
| Barracks | 1 | 160 | / | 60 |
| Arcane Sanctum | 1 | 150 | / | 140 |
| Workshop | 1 | 140 | / | 140 |
| Gryphon Aviary | 1 | 140 | / | 150 |
| Keep | 1 | 320 | / | 210 |
| Castle | 2 | 720 | / | 420 |
| total: | 128 | 5565g | / | 3235w |
| 0:01 | Peasant |
| 0:01 | Peasant |
| 0:08 | Altar of Kings |
| 0:10 | Peasant |
| 0:17 | Farm |
| 0:19 | Peasant |
| 0:25 | Peasant |
| 0:41 | Arcane Vault |
| 0:45 | Scout Tower |
| 1:02 | Arcane Vault |
| 1:03 | Farm |
| 1:07 | Lumber Mill |
| 1:15 | Peasant |
| 1:27 | Scout Tower |
| 1:30 | Peasant |
| 1:35 | Arcane Tower |
| 1:39 | Peasant |
| 1:47 | Scout Tower |
| 1:56 | Peasant |
| 1:58 | Peasant |
| 2:07 | Blizzard |
| 2:13 | Peasant |
| 2:13 | Peasant |
| 2:23 | Peasant |
| 2:45 | Guard Tower |
| 2:46 | Scout Tower |
| 2:47 | Scout Tower |
| 2:59 | Peasant |
| 3:05 | Brilliance Aura |
| 3:05 | Summon Water Elemental |
| 3:48 | Guard Tower |
| 3:48 | Guard Tower |
| 3:49 | Scout Tower |
| 3:50 | Keep |
| 3:51 | Scout Tower |
| 4:10 | Staff of Teleportation |
| 4:10 | Boots of Speed |
| 4:16 | Guard Tower |
| 4:35 | Scout Tower |
| 4:40 | Farm |
| 4:41 | Farm |
| 4:48 | Scroll of Regeneration |
| 5:01 | Guard Tower |
| 5:04 | Scout Tower |
| 5:17 | Improved Masonry |
| 5:29 | Scout Tower |
| 5:31 | Guard Tower |
| 5:52 | Scout Tower |
| 5:53 | Scout Tower |
| 6:28 | Arcane Sanctum |
| 6:34 | Guard Tower |
| 6:43 | Scout Tower |
| 6:46 | Improved Lumber Harvesting |
| 6:56 | Scroll of Regeneration |
| 7:04 | Guard Tower |
| 7:11 | Storm Bolt |
| 8:04 | Town Hall |
| 8:08 | Scout Tower |
| 8:09 | Scout Tower |
| 8:09 | Scout Tower |
| 8:10 | Scout Tower |
| 8:10 | Scout Tower |
| 8:11 | Scout Tower |
| 8:12 | Scout Tower |
| 8:12 | Scout Tower |
| 8:13 | Scout Tower |
| 8:14 | Scout Tower |
| 8:16 | Scout Tower |
| 8:16 | Scout Tower |
| 8:21 | Magic Sentry |
| 8:47 | Guard Tower |
| 8:49 | Arcane Tower |
| 8:49 | Guard Tower |
| 9:00 | Bash |
| 9:31 | Guard Tower |
| 9:32 | Guard Tower |
| 9:34 | Priest |
| 9:36 | Guard Tower |
| 9:41 | Blizzard |
| 9:51 | Guard Tower |
| 9:52 | Guard Tower |
| 9:57 | Scroll of Regeneration |
| 10:04 | Potion of Healing |
| 10:14 | Guard Tower |
| 10:21 | Guard Tower |
| 10:38 | Castle |
| 11:19 | Arcane Vault |
| 11:34 | Scout Tower |
| 11:35 | Scout Tower |
| 11:36 | Scout Tower |
| 11:36 | Scout Tower |
| 11:37 | Scout Tower |
| 11:37 | Scout Tower |
| 11:38 | Scout Tower |
| 11:41 | Advanced Masonry |
| 11:42 | Imbued Masonry |
| 12:43 | Guard Tower |
| 12:46 | Priest Adept Training |
| 12:47 | Sorceress Adept Training |
| 12:47 | Sorceress |
| 12:53 | Storm Bolt |
| 13:12 | Guard Tower |
| 13:13 | Staff of Sanctuary |
| 13:23 | Guard Tower |
| 13:26 | Scout Tower |
| 13:45 | Scout Tower |
| 13:46 | Scout Tower |
| 13:46 | Scout Tower |
| 13:46 | Scout Tower |
| 13:47 | Scout Tower |
| 13:47 | Scout Tower |
| 13:48 | Scout Tower |
| 13:48 | Scout Tower |
| 14:10 | Holy Light |
| 14:28 | Orb of Fire |
| 14:28 | Staff of Sanctuary |
| 14:40 | Guard Tower |
| 14:43 | Scout Tower |
| 14:43 | Scout Tower |
| 14:44 | Scout Tower |
| 14:44 | Scout Tower |
| 14:45 | Scout Tower |
| 14:46 | Scout Tower |
| 14:46 | Scout Tower |
| 14:47 | Scout Tower |
| 15:05 | Goblin Shredder |
| 15:31 | Staff of Teleportation |
| 15:31 | Boots of Speed |
| 15:44 | Guard Tower |
| 15:45 | Scout Tower |
| 15:46 | Scout Tower |
| 15:46 | Scout Tower |
| 15:47 | Scout Tower |
| 16:27 | Divine Shield |
| 16:39 | Guard Tower |
| 16:41 | Guard Tower |
| 17:06 | Staff of Sanctuary |
| 17:06 | Orb of Fire |
| 17:17 | Guard Tower |
| 17:25 | Guard Tower |
| 17:27 | Scout Tower |
| 17:28 | Scout Tower |
| 17:29 | Scout Tower |
| 17:30 | Scout Tower |
| 17:30 | Scout Tower |
| 17:31 | Scout Tower |
| 17:31 | Scout Tower |
| 17:32 | Scout Tower |
| 17:32 | Scout Tower |
| 17:33 | Guard Tower |
| 17:33 | Guard Tower |
| 17:34 | Scout Tower |
| 17:35 | Scout Tower |
| 17:35 | Scout Tower |
| 17:36 | Scout Tower |
| 17:36 | Scout Tower |
| 17:37 | Scout Tower |
| 17:37 | Scout Tower |
| 17:37 | Scout Tower |
| 17:38 | Scout Tower |
| 17:38 | Scout Tower |
| 17:39 | Scout Tower |
| 17:39 | Scout Tower |
| 17:40 | Scout Tower |
| 18:10 | Guard Tower |
| 18:28 | Arcane Tower |
| 18:31 | Guard Tower |
| 18:32 | Guard Tower |
| 18:35 | Blacksmith |
| 18:47 | Guard Tower |
| 19:41 | Guard Tower |
| 19:45 | Guard Tower |
| 19:45 | Guard Tower |
| 19:50 | Scout Tower |
| 19:50 | Scout Tower |
| 19:50 | Scout Tower |
| 19:51 | Scout Tower |
| 19:51 | Scout Tower |
| 19:52 | Scout Tower |
| 19:52 | Scout Tower |
| 19:52 | Scout Tower |
| 19:53 | Scout Tower |
| 19:53 | Scout Tower |
| 19:54 | Scout Tower |
| 19:54 | Scout Tower |
| 19:56 | Scout Tower |
| 19:57 | Scout Tower |
| 19:57 | Scout Tower |
| 19:58 | Scout Tower |
| 19:58 | Scout Tower |
| 20:08 | Workshop |
| 20:14 | Advanced Lumber Harvesting |
| 21:04 | Guard Tower |
| 21:09 | Scout Tower |
| 21:39 | Scout Tower |
| 21:40 | Guard Tower |
| 21:43 | Flying Machine |
| 21:47 | Iron Forged Swords |
| 21:47 | Studded Leather Armor |
| 21:50 | Gryphon Aviary |
| 22:09 | Scout Tower |
| 22:09 | Scout Tower |
| 22:09 | Scout Tower |
| 22:22 | Scout Tower |
| 22:23 | Scout Tower |
| 22:31 | Guard Tower |
| 22:39 | Guard Tower |
| 22:52 | Guard Tower |
| 22:53 | Guard Tower |
| 23:03 | Guard Tower |
| 23:11 | Dragonhawk Rider |
| 23:11 | Dragonhawk Rider |
| 23:13 | Guard Tower |
| 23:19 | Potion of Lesser Invulnerability |
| 23:20 | Scroll of Town Portal |
| 23:30 | Guard Tower |
| 23:31 | Arcane Tower |
| 23:38 | Scout Tower |
| 23:38 | Scout Tower |
| 23:39 | Scout Tower |
| 23:40 | Scout Tower |
| 23:42 | Dragonhawk Rider |
| 23:46 | Barracks |
| 24:43 | Arcane Tower |
| 24:44 | Guard Tower |
| 24:51 | Animal War Training |
| 24:57 | Staff of Teleportation |
| 25:16 | Arcane Tower |
| 25:17 | Arcane Tower |
| 25:17 | Guard Tower |
| 25:31 | Guard Tower |
| 25:32 | Guard Tower |
| 25:33 | Scout Tower |
| 25:34 | Scout Tower |
| 25:46 | Cloud |
| 25:49 | Farm |
| 26:19 | Guard Tower |
| 26:23 | Arcane Tower |
| 26:23 | Guard Tower |
| 26:26 | Scout Tower |
| 26:27 | Scout Tower |
| 26:28 | Scout Tower |
| 26:28 | Scout Tower |
| 26:29 | Scout Tower |
| 26:29 | Scout Tower |
| 26:30 | Scout Tower |
| 28:26 | Dragonhawk Rider |
| 28:41 | Holy Light |
| 28:43 | Bash |
| 29:00 | Brilliance Aura |
| Right click | 2790 |
| Select | 1125 |
| Select group | 329 |
| Build/train/purchase | 232 |
| Use ability | 98 |
| Chat | 51 |
| Misc. action | 24 |
| Assign group | 17 |
| Item give/drop | 7 |
| Remove unit | 2 |